[Event "GER-ch Youth-U18 2022"]
[Site "Willingen"]
[Date "2022.06.09"]
[Round "7.10"]
[White "Leonard, Timo"]
[Black "Kallweit, Paul"]
[Result "1-0"]
[ECO "D10"]
[WhiteElo "2018"]
[BlackElo "1863"]
[Annotator "TA"]
[PlyCount "125"]
[EventDate "2022.06.05"]
[EventType "swiss"]
[EventRounds "9"]
[EventCountry "GER"]
[SourceTitle "playchess.com"]
[Source "ChessBase"]
[SourceQuality "1"]
[TimeControl "40/4500+30:900+30"]

1. d4 d5 2. c4 c6 3. Nc3 Nf6 4. e3 Qb6 5. Qc2 dxc4 6. Bxc4 {[%emt 0:00:00] D10: Slav Defence: 3 cxd5 (without early Nf3) and 3 Nc3.} Bg4 {[%emt 0:03:29] [#]} 7. e4 $146 ({Predecessor:} 7. f3 Bh5 8. Nge2 e6 9. e4 Nbd7 10. Be3 Bg6 11. O-O Bd6 12. Bd3 e5 13. Bf2 {1-0 (71) Santana,I-Thorgrimsdottir,A Bled 2002}) 7... Qb4 (7... Qxd4 $14 8. Qb3 e6) 8. Qd3 $16 {[%emt 0:10:09] White is better.} e5 9. Bd2 (9. dxe5 $142 Nfd7 10. a3) 9... Nbd7 {[%emt 0:04:48] [#]} (9... Qxb2 10. Rb1 Qa3 11. dxe5 (11. Rxb7 Nbd7 $14)) (9... Qe7 $16) 10. Nb5 $1 $18 cxb5 11. Bxf7+ Kxf7 12. Bxb4 Bxb4+ 13. Kf1 Bd6 14. f3 (14. Qxb5 exd4 15. Nf3 Rhe8 $14) 14... Bh5 15. g4 Bg6 16. g5 Ne8 17. Qxb5 Ke7 18. Ne2 {[%emt 0:01:17] And now Rd1 would win.} (18. Qxb7 Nc7 $16) 18... Nc7 19. Qb3 {[%emt 0:01:35] Black must now prevent Rd1.} (19. Qxb7 Rhb8 20. Qc6 Rxb2 $11) 19... Rhf8 20. Kg2 {[%emt 0:01:23] dxe5 is the strong threat.} ({Don't blunder} 20. Qxb7 $2 Rab8 21. Qc6 Rxf3+ 22. Kg2 Re3 $19) 20... exd4 21. Nxd4 Nc5 22. Qe3 (22. Qc4 $16 N5e6 23. Rad1) 22... N7e6 $14 23. Nxe6 (23. Rhd1 $16 {aiming for Nxe6.} Rad8 24. e5) 23... Nxe6 24. Rhd1 {[%emt 0:01:22][%cal Od1d6] Strongly threatening Rxd6!} (24. Rhf1 $5 ) 24... Bc5 25. Qb3 b6 26. Qa4 Rfd8 {[%emt 0:00:53] Inhibits Qd7+.} (26... Rfe8 $1 $14) 27. b4 (27. Rxd8 $1 $16 Rxd8 28. Rd1 (28. Qxa7+ Rd7 $11)) 27... Bd4 $11 28. Rac1 Be8 {[%emt 0:00:34] A strong pair of Bishops.} 29. Qa6 Rd7 30. Rd2 Rad8 (30... Bf7 $11 {keeps the balance.}) 31. Rcd1 ({Better is} 31. Rc8 $1 $16) 31... Bh5 32. Qb5 Rf8 33. Rf1 Rc7 $2 {[%emt 0:00:51][%mdl 8192] [#]} (33... h6 $11) 34. a4 $2 ({White has to play} 34. Rxd4 $1 $18 Nxd4 35. Qe5+ Ne6 36. f4) 34... Be8 ({Stronger than} 34... Be3 35. Ra2 $15) (34... Nf4+ $142 35. Kg3 Be8) 35. Qa6 $17 Be5 ({Black should play} 35... Be3 $15 36. Rdd1 Nf4+ 37. Kh1 Bd7) 36. a5 $11 Bf4 37. axb6 axb6 38. Ra2 b5 39. Qb6 Bd7 40. Rd1 Rfc8 41. Ra7 Rxa7 42. Qxa7 {[%emt 0:00:00] Chess con chili.} Rc2+ 43. Kf1 Rc7 44. Qa2 Nxg5 45. Qg8 Ne6 46. Qxh7 Rc3 47. Qh4+ Ng5 $2 {[%emt 0:02:05][%mdl 8192] [#] Black is on the road to losing.} (47... Ke8 $11 {and Black is okay.}) 48. Rd5 $1 $18 Bh3+ $2 (48... Rxf3+ 49. Ke2 Re3+ 50. Kd1 Rxe4) 49. Ke2 Rc2+ 50. Kd3 Rd2+ 51. Kc3 Rxd5 52. exd5 Be5+ {[%emt 0:00:30] [#]} 53. Kb3 $1 {[%emt 0:00:14] Hoping for f4.} Bf6 54. f4 Bg2 55. fxg5 Bxd5+ 56. Kc2 Be5 57. Kd3 Kd6 58. Qh8 Bc4+ 59. Ke3 Ke6 60. h4 Bc3 61. Qf8 Bb2 62. Qe8+ Kf5 63. Qe4# {[%emt 0:00:06] Weighted Error Value: White=0.29 (precise) /Black=0.45} 1-0

[Event "GER-ch Youth-U18 2022"]
[Site "Willingen"]
[Date "2022.06.09"]
[Round "7.11"]
[White "Dietlmeier, Tobias"]
[Black "Hassemeier, Mika"]
[Result "0-1"]
[ECO "B12"]
[WhiteElo "1886"]
[BlackElo "2127"]
[Annotator "TA"]
[PlyCount "72"]
[EventDate "2022.06.05"]
[EventType "swiss"]
[EventRounds "9"]
[EventCountry "GER"]
[SourceTitle "playchess.com"]
[Source "ChessBase"]
[SourceQuality "1"]
[TimeControl "40/4500+30:900+30"]

1. e4 c6 2. d4 g6 3. c4 Bg7 4. Nf3 d6 5. Nc3 a6 6. Be3 {[%emt 0:00:00] A42: Modern Defence: Averbakh Variation.} b5 {[%emt 0:00:00] [#]} 7. b3 $146 ({Predecessor:} 7. a3 Nf6 8. h3 O-O 9. Rc1 Nbd7 10. Be2 bxc4 11. Bxc4 d5 12. exd5 Nb6 13. Bd3 cxd5 {½-½ (23) Gustafsson,J (2616)-Bischoff,K (2555) Austria 2005}) 7... Nf6 8. e5 (8. Qc2 $14) 8... Ng4 $15 9. Bf4 dxe5 $1 10. Nxe5 ({Much weaker is} 10. Bxe5 Nxe5 11. Nxe5 O-O $17) 10... Nxe5 11. Bxe5 Bxe5 12. dxe5 Qa5 13. Qf3 (13. Qd4 $11) 13... b4 $1 $17 14. Ne2 ({Reject} 14. Ne4 Qxe5 15. O-O-O Qa1+ 16. Kd2 Qxa2+ 17. Ke1 O-O $19) 14... Qxe5 15. Rd1 Bf5 ({Black should try} 15... a5 $17 16. Qg3 Qxg3 17. hxg3 Nd7) 16. Qg3 (16. g3 $15) 16... Nd7 17. Qxe5 Nxe5 18. Nd4 Bd7 {[%emt 0:01:13] Black is more active.} (18... O-O-O $17 19. f4 Ng4) 19. c5 a5 20. Be2 O-O-O 21. f4 Ng4 22. Nxc6 Bxc6 23. Bxg4+ f5 24. Bf3 Bxf3 25. gxf3 Rxd1+ 26. Kxd1 {[%emt 0:00:10][%mdl 4096] Endgame [#] KR-KR} Rd8+ $1 27. Ke2 Kc7 28. h4 {[%emt 0:04:26] [#]} (28. Re1 $17 {might work better.}) 28... Rd5 $1 $19 29. Rc1 Kc6 30. Ke3 (30. Rc2 $142) 30... Rxc5 31. Rxc5+ (31. Re1 $19) 31... Kxc5 {[%emt 0:00:07] KP-KP} 32. Kd3 Kd5 33. Ke3 Kc5 (33... e6 $142 34. Kd3 e5 35. h5 exf4 36. hxg6 hxg6 37. Kd2 Kd4 38. Kd1 Ke3 39. a3 bxa3 40. Kc1 Kxf3 41. Kc2 Ke2 42. Kb1 f3 43. Ka2 Ke3 44. Kxa3 g5 45. Kb2 f2 46. Ka3 f1=Q 47. Ka4 Qa6 48. Ka3 Qd6+ 49. Kb2 Qd2+ 50. Kb1 Kd4 51. b4 Kc3 52. bxa5 Qb2#) 34. Kd3 Kd5 {[%emt 0:00:05] aiming for ...e5.} 35. Ke3 e6 36. Kd3 e5 {[%emt 0:01:10] Weighted Error Value: White=0.46/Black=0.43} 0-1

[Event "GER-ch Youth-U18 2022"]
[Site "Willingen"]
[Date "2022.06.09"]
[Round "7.12"]
[White "Rohde, Niclas"]
[Black "Bornholdt, Joa Max"]
[Result "0-1"]
[ECO "C55"]
[WhiteElo "1730"]
[BlackElo "2155"]
[Annotator "TA"]
[PlyCount "90"]
[EventDate "2022.06.05"]
[EventType "swiss"]
[EventRounds "9"]
[EventCountry "GER"]
[SourceTitle "playchess.com"]
[Source "ChessBase"]
[SourceQuality "1"]
[TimeControl "40/4500+30:900+30"]

1. e4 e5 2. Nf3 Nc6 3. Bc4 Nf6 4. d3 Be7 5. O-O O-O 6. a4 d6 7. h3 Na5 {[%emt 0:00:00] C55: Two Knights: 4 d3, 4 d4 exd4 5 e5 and Max Lange Attack.} 8. Ba2 c5 9. Na3 Be6 {[%emt 0:00:00] [#] White has an edge.} 10. Bd2 $146 {[%emt 0:03:48][%cal Bc1d2,Bd2f4,Bf4g3][%mdl 32] Hoping for Bxe6.} ({Predecessor:} 10. Bxe6 fxe6 11. c3 Nc6 12. Nc4 Nh5 13. Nfxe5 dxe5 14. Qxh5 Qxd3 15. Nxe5 Qxe4 16. Nxc6 Qxc6 17. Be3 Rad8 18. Qg4 Rf6 19. g3 Rg6 20. Qe2 Rf8 {½-½ (20) Greig,S (2221)-Hehir,M (2263) ICCF email 2018}) 10... Re8 (10... Bxa2 $11 11. Rxa2 Nc6) 11. Re1 Nc6 (11... Bxa2 $11 {might be stronger.} 12. Rxa2 Nc6) 12. Nc4 (12. Bxe6 $14 fxe6 13. c3) 12... Bf8 13. Ng5 Ne7 14. f4 exf4 15. Bxf4 Ng6 16. Nxe6 fxe6 17. Bg3 d5 18. exd5 (18. Nd2 $16) 18... exd5 $11 19. Ne3 {[%emt 0:03:20][%cal Oe3d5] Threatens to win with Nxd5!} Kh8 20. Qf3 Ne5 (20... Bd6 $11) 21. Qf5 $1 $14 g6 22. Qf2 Bg7 {[%emt 0:00:56] [#]} 23. Nf5 $1 gxf5 24. Rxe5 $2 (24. Bxe5 $14 {was forced to keep a grip.} Rxe5 25. Rxe5) 24... Ne4 $1 $17 25. Rxe8+ ({White should try} 25. dxe4 Bxe5 26. Bxe5+ Rxe5 27. exd5) 25... Qxe8 26. Qf3 Nxg3 {[%emt 0:02:15] Black is more active.} ({Don't do} 26... Bxb2 27. Re1 Bd4+ 28. Kh2 Nxg3 29. Rxe8+ Rxe8 30. Kxg3 $16 (30. Qxg3 $2 Be5 $19)) 27. Qxg3 Qxa4 28. c3 {[%emt 0:01:06] [#]} d4 $1 29. Qe1 dxc3 30. bxc3 Qc2 31. Bd5 Bxc3 32. Rc1 Bxe1 33. Rxc2 {[%emt 0:00:06][%mdl 4096] Endgame KRB-KRB} Bb4 (33... Bg3 $17 {aiming for ...Re8.} 34. Rxc5 Re8) 34. Bxb7 $15 Rd8 35. Ba6 Rd6 36. Ra2 Kg7 37. Bc8 Kf6 38. Rxa7 c4 39. d4 {[%emt 0:01:40] [#] Inhibits Bc5. This move loses the game for White.} (39. Rxh7 $15 Rd8 40. Bxf5 (40. Rh6+ $2 Kg5 $19)) 39... c3 $1 $19 ({Weaker is} 39... Rxd4 40. Ra6+ Ke5 41. Re6+ Kf4 42. Kf2 $17) 40. Rxh7 $2 (40. g4) 40... Rxd4 41. Rc7 Rd2 {[%emt 0:00:00] ...c2 is the strong threat.} 42. Rc6+ (42. g4 $142 c2 43. Bxf5 Rd1+ 44. Kg2) 42... Kg5 43. h4+ (43. g4 $142 c2 44. Bxf5 Rd1+ 45. Kf2) 43... Kf4 44. Kh2 c2 45. Kh3 Rd3+ {[%emt 0:01:22] Weighted Error Value: White=0.78/Black=0.24 (precise)} 0-1

[Event "GER-ch Youth-U18 2022"]
[Site "Willingen"]
[Date "2022.06.09"]
[Round "7.13"]
[White "Orf, Niklas"]
[Black "Wehrle, Maximilian"]
[Result "1-0"]
[ECO "B01"]
[WhiteElo "1797"]
[BlackElo "1786"]
[Annotator "NA RC COMBH"]
[PlyCount "37"]
[EventDate "2022.06.05"]
[EventType "swiss"]
[EventRounds "9"]
[EventCountry "GER"]
[SourceTitle "playchess.com"]
[Source "ChessBase"]
[SourceQuality "1"]
[TimeControl "40/4500+30:900+30"]

1. e4 d5 2. exd5 Qxd5 3. Nf3 Nf6 4. Nc3 Qd8 5. Bc4 Bg4 6. Bxf7+ Kxf7 7. Ne5+ Kg8 8. Nxg4 Qd7 9. Ne5 Qd4 10. Qe2 e6 11. Nb5 Qd8 12. b3 a6 13. Nc3 Bd6 14. Bb2 Bxe5 15. Qxe5 Qd6 16. Qg5 Nbd7 17. Ne4 Qd5 18. Nxf6+ Nxf6 19. Bxf6 1-0

[Event "GER-ch Youth-U18 2022"]
[Site "Willingen"]
[Date "2022.06.10"]
[Round "8.1"]
[White "Weishaeutel, Moritz"]
[Black "Fromm, Marius"]
[Result "0-1"]
[ECO "B97"]
[WhiteElo "2406"]
[BlackElo "2317"]
[Annotator "TA"]
[PlyCount "78"]
[EventDate "2022.06.05"]
[EventType "swiss"]
[EventRounds "9"]
[EventCountry "GER"]
[SourceTitle "playchess.com"]
[Source "ChessBase"]
[SourceQuality "1"]
[TimeControl "40/4500+30:900+30"]

1. e4 {[%emt 0:00:00] Gofshtein,L} c5 2. Nf3 d6 3. d4 cxd4 4. Nxd4 Nf6 5. Nc3 a6 6. Bg5 e6 7. f4 Qb6 8. Qd3 Qxb2 {[%emt 0:00:00] B97: Sicilian Najdorf: Poisoned Pawn.} 9. Rb1 Qa3 10. f5 $1 Be7 {[%emt 0:00:00] The position is equal. 10...Qa5 is more advanced technology.} 11. fxe6 fxe6 12. Be2 Qa5 13. Bd2 $36 {[%emt 0:00:00][%cal Oc3d5][%mdl 2048] aiming for Nd5! White has some pressure.} Qc7 14. g4 {[%emt 0:00:00] Black must now prevent g5.} h6 15. e5 dxe5 16. Qg6+ Kf8 17. Nf3 {[%emt 0:00:35] [#]} Nc6 $146 (17... Bd7 $11 {and Black has nothing to worry.} 18. g5 Be8) ({Predecessor:} 17... Bd7 18. g5 Be8 19. Qd3 hxg5 20. Nxg5 Bf7 21. Nxf7 Kxf7 22. Rg1 Bd8 23. Ne4 Nxe4 24. Qxe4 {1-0 (31) Radjabov,T (2663)-Rowson,J (2577) Mallorca 2004 CBM 104 [Gofshtein,L]}) 18. g5 $18 hxg5 19. Nxg5 Nd8 {[%emt 0:15:46] Prevents Qf7+.} (19... Bc5 $2 20. Rf1 Bb4 21. Nce4 Bxd2+ 22. Kxd2 Qd8+ 23. Bd3 Rxh2+ 24. Kc1 $18) (19... Bd8) 20. Rf1 Rh6 21. Nh7+ Rxh7 22. Qxh7 {[%emt 0:00:04] Qh8+ would kill now.} Nf7 {[%emt 0:00:11][%cal Bd8f7,Bf7d6,Bd6f5][%mdl 32] [#] Inhibits Qh8+.} 23. Qg6 $2 (23. Rxf6 $1 Bxf6 24. Ne4) 23... Nd6 {[%emt 0:09:45] [#]} 24. Bd3 ({White must play} 24. Rb3 $1 $18 {And now Ne4 would win.} Kg8 25. Na4) 24... Nf5 $1 $14 25. Ne4 Nxe4 26. Bxe4 Qc4 27. Qg4 {[%emt 0:06:43][%cal Re4f5][%mdl 1024] Inhibits Bh4+. White has compensation.} b5 $2 (27... Bh4+ $1 $11 28. Qxh4 Qxf1+ 29. Kxf1 Nxh4) 28. Rb3 $18 Kg8 (28... Rb8 $142 29. Bxf5 Bh4+ 30. Rf2 Qxg4 31. Bxg4+ Bxf2+ 32. Kxf2 Bb7 33. Bxe6 Ke7) 29. Rg1 Bh4+ 30. Kd1 Ra7 31. Rc3 $2 (31. Rh3 $18 Rd7 32. Bxf5 exf5 33. Qxh4 Qxh4 34. Rxh4) 31... Qxc3 $1 $17 {[%emt 0:00:11] Dancing on a razor blade.} 32. Bxf5 $4 (32. Bxc3 $17 Ne3+ 33. Ke2 Nxg4 34. Rxg4) 32... exf5 $19 33. Qg6 Qf3+ 34. Kc1 Rf7 35. Qd6 Bf6 36. Rg3 Qh1+ 37. Kb2 Qxh2 38. Rc3 Bd7 {[%emt 0:00:35][%cal Ob5b4] Threatens to win with ...b4!} 39. Rc7 e4+ {[%emt 0:00:11] Weighted Error Value: White=1.07/Black=0.72} 0-1

[Event "GER-ch Youth-U18 2022"]
[Site "Willingen"]
[Date "2022.06.10"]
[Round "8.2"]
[White "Dahl, Christoph"]
[Black "Koelle, Tobias"]
[Result "1/2-1/2"]
[ECO "B43"]
[WhiteElo "2368"]
[BlackElo "2431"]
[Annotator "TA"]
[PlyCount "70"]
[EventDate "2022.06.05"]
[EventType "swiss"]
[EventRounds "9"]
[EventCountry "GER"]
[SourceTitle "playchess.com"]
[Source "ChessBase"]
[SourceQuality "1"]
[TimeControl "40/4500+30:900+30"]

1. e4 c5 2. Nf3 e6 3. d4 cxd4 4. Nxd4 a6 5. Nc3 b5 6. Bd3 Bb7 7. O-O Nc6 8. Nxc6 Bxc6 9. Re1 {[%emt 0:00:00] B43: Sicilian: Kan Variation: 5 Nc3.} Ne7 $1 {[%emt 0:00:00][%mdl 4] 9...Ne7 is a critical line.} 10. Qh5 Ng6 11. Nd5 Bd6 {[%emt 0:00:07] [#]} 12. Bd2 $146 ({Predecessor:} 12. Bg5 Qb8 13. Rad1 Ra7 14. Bf1 a5 15. g3 O-O 16. Nc3 Rb7 17. Bg2 Be5 18. Bc1 {0-1 (31) Mende,A-Hort,V (2560) Germany 1992}) 12... O-O 13. Nb4 Bb7 {[%emt 0:03:28] [#] ...a5 is the strong threat.} 14. a3 (14. c3 $11) 14... Be5 ({Better is} 14... Ne5 $15) 15. c3 $11 d6 16. Rad1 Qc7 17. Nc2 Rad8 18. Nd4 Nf4 19. Bxf4 Bxf4 20. Nf3 Qc5 21. Qg4 ({Reject} 21. e5 g6 22. Qh4 Bxf3 23. gxf3 Bxe5 $17) 21... Bh6 22. Qh4 e5 23. Bc2 a5 24. Bb3 Qc7 {[%emt 0:03:25] Against Qe7} 25. Qh5 Bc8 26. Nh4 b4 27. cxb4 {[%emt 0:00:44] White is more active.} axb4 28. Qf3 (28. axb4 $14 Be6 29. Bd5) 28... bxa3 29. bxa3 g6 {[%emt 0:00:59] Inhibits Nf5.} 30. Qd3 (30. Qf6 {feels hotter.} Bg7 31. Qg5 Bb7 32. Qe3) 30... Be6 (30... Qa7 $11) 31. Bd5 (31. Bxe6 $1 $14 fxe6 32. Nf3) 31... Bxd5 32. Qxd5 Ra8 33. Rd3 (33. Qxd6 $11 Qxd6 34. Rxd6) 33... Ra5 (33... Rfd8 $15) 34. Qxd6 Qxd6 35. Rxd6 Rxa3 {[%emt 0:00:14] Weighted Error Value: White=0.21 (precise) /Black=0.17 (very precise)} 1/2-1/2

[Event "GER-ch Youth-U18 2022"]
[Site "Willingen"]
[Date "2022.06.10"]
[Round "8.3"]
[White "Musiolik, David"]
[Black "Pubantz, Jan"]
[Result "1/2-1/2"]
[ECO "B12"]
[WhiteElo "2220"]
[BlackElo "2265"]
[Annotator "TA"]
[PlyCount "105"]
[EventDate "2022.06.05"]
[EventType "swiss"]
[EventRounds "9"]
[EventCountry "GER"]
[SourceTitle "playchess.com"]
[Source "ChessBase"]
[SourceQuality "1"]
[TimeControl "40/4500+30:900+30"]

1. e4 c6 2. d4 d5 3. e5 Bf5 4. Nf3 e6 5. Be2 c5 6. O-O Nc6 7. c3 Bg4 8. Be3 Bxf3 {[%emt 0:08:21] B12: Caro-Kann: Advance Variation.} 9. Bxf3 Nge7 10. dxc5 Nf5 {[%emt 0:18:02] [#] Pair of Knights!} 11. Bd4 $146 (11. c4 $11 Nxe3 12. fxe3 Nxe5 13. cxd5 Bxc5 14. dxe6 Qxd1 15. exf7+ Kxf7 16. Bxd1+ Kg6 17. Nc3) ({Predecessor:} 11. b4 Nxe3 12. fxe3 Qg5 13. Qe1 O-O-O 14. c4 Qxe5 15. cxd5 exd5 16. Na3 f5 17. Nc2 {1-0 (31) Reinaldo Castineira,R (2503)-Kubecka,D (2304) Barcelona 2009}) 11... Nfxd4 $17 12. cxd4 Qh4 13. Nc3 {[%emt 0:05:06] aiming for Nb5.} Qxd4 14. Nb5 {[%emt 0:01:09] [#]} Qxd1 (14... Qxe5 15. Re1 Qb8 16. Qxd5 $16) 15. Rfxd1 Kd7 {[%emt 0:08:31] Inhibits Nc7.} 16. Bxd5 exd5 17. Rxd5+ Ke7 18. Rad1 Rd8 {[%emt 0:05:28] Inhibits Rd7+.} 19. Rxd8 Nxd8 20. Nxa7 Ke8 (20... Nc6 $15 21. Nxc6+ bxc6) 21. b4 $11 g5 22. Nb5 Nc6 23. Nc7+ Ke7 24. Rd6 $1 ({Don't play} 24. Nd5+ Ke6 25. Nc7+ Kxe5 $17) 24... Bg7 25. Nd5+ Kf8 ({Black should play} 25... Ke8 $11) 26. Rd7 $14 {[%emt 0:03:57] [#] Hoping for b5. White is more active.} Bxe5 27. Rxb7 Kg7 28. a4 (28. b5 $16 Nd4 29. c6) 28... Rd8 {[%emt 0:01:58] The position is equal.} 29. Ne3 Ra8 $1 30. a5 Bc3 31. Nd5 Bxb4 32. Nxb4 Rxa5 $11 {[%emt 0:00:11][%cal Ra5a1][%mdl 4096] Endgame KRN-KRN} 33. Nc2 {[%emt 0:00:07] Against Ra1+} Rxc5 (33... Nd4 $5 34. Ne1 Rxc5 $11) 34. Ne1 Rc1 35. Kf1 Ne5 36. Ke2 Ra1 37. h3 Ra2+ 38. Ke3 Nc4+ 39. Kd3 Nd6 40. Rb6 Nf5 41. Nc2 Nh4 42. Rb5 h6 43. g3 Nf3 {[%emt 0:00:00][%cal Oa2c2] Strongly threatening ...Rxc2!} 44. Rc5 Ng1 45. h4 gxh4 46. gxh4 Nh3 47. Rf5 Ra4 48. Nd4 Kg6 49. Rf3 Ra3+ 50. Ke4 Rxf3 51. Kxf3 {[%emt 0:00:10] And now Kg3 would win.} Kh5 52. Nf5 Nxf2 53. Kxf2 {[%emt 0:00:06] Weighted Error Value: White=0.09 (flawless) /Black=0.05 (flawless)} 1/2-1/2

[Event "GER-ch Youth-U18 2022"]
[Site "Willingen"]
[Date "2022.06.10"]
[Round "8.4"]
[White "von Mettenheim, Johannes"]
[Black "Colbow, Collin"]
[Result "0-1"]
[ECO "A40"]
[WhiteElo "2176"]
[BlackElo "2360"]
[Annotator "TA"]
[PlyCount "68"]
[EventDate "2022.06.05"]
[EventType "swiss"]
[EventRounds "9"]
[EventCountry "GER"]
[SourceTitle "playchess.com"]
[Source "ChessBase"]
[SourceQuality "1"]
[TimeControl "40/4500+30:900+30"]

1. d4 Nf6 2. c4 e6 3. g3 d5 4. Nf3 Bb4+ 5. Nbd2 dxc4 6. Bg2 b5 {[%emt 0:00:00] Prevents Qa4. E04: Open Catalan: 5 Nf3.} 7. O-O O-O 8. b3 c3 {[%emt 0:00:00] The position is equal.} 9. Nb1 Bb7 10. a3 {[%emt 0:00:00] [#]} Be4 $1 {[%emt 0:00:00] Threatens to win with ...c2.} 11. Ne1 {[%emt 0:00:00] Inhibits c2.} ({But not} 11. axb4 $2 c2 12. Qe1 cxb1=B $19) (11. Qe1 c2) 11... Bxg2 12. Kxg2 {[%emt 0:00:00] [#]} Ba5 $146 ({Predecessor:} 12... c5 13. axb4 cxb4 14. Nc2 a5 15. Qd3 Nc6 16. Qxb5 Nxd4 17. Nxd4 Qxd4 18. Bf4 Nd5 {0-1 (32) Huber,B (2186)-Baum,J (2355) Bassano del Grappa 2022}) 13. Qd3 Qd5+ 14. f3 (14. Nf3 $15) 14... Qxb3 $19 {[%emt 0:03:58] ...Nc6 is the strong threat.} 15. a4 bxa4 ({Black should play} 15... b4 $19 {Hoping for ...Qd5.} 16. Nd2 Qd5) 16. Ra3 $17 Qb7 17. Rxa4 Nc6 18. Nxc3 Rfd8 ({Better is} 18... Bxc3 19. Qxc3 Nd5) 19. Bg5 {[%emt 0:13:11] [#]} (19. Nc2 $17) 19... Qb3 $1 $19 20. Bxf6 gxf6 ({Weaker is} 20... Bxc3 21. Rc4 Nb4 22. Rxc3 $15) 21. Qa6 $2 (21. Nc2 {was the crucial defense.} Qxc3 22. Qxc3 Bxc3 23. Rc4) 21... Qxc3 22. Nd3 Qc2 23. Raa1 Rxd4 24. Rf2 Qc4 25. Rxa5 Nxa5 26. Qxa5 e5 {[%emt 0:00:51] Against Nf4} 27. Qd2 Kg7 {[%emt 0:00:36] And now ...a5 would win.} 28. Qe3 Qd5 29. g4 Rxg4+ 30. Kf1 Rg6 31. h4 Rb8 {[%emt 0:03:10] ( -> ...Rb1+)} 32. Rh2 Rb1+ 33. Ne1 Qa5 34. Qf2 {[%emt 0:00:05] [#]} Rxe1+ $1 {[%emt 0:00:08] Weighted Error Value: White=0.56/Black=0.11 (very precise)} 0-1

[Event "GER-ch Youth-U18 2022"]
[Site "Willingen"]
[Date "2022.06.10"]
[Round "8.5"]
[White "Dobrikov, Marco"]
[Black "Geltz, Noah"]
[Result "1-0"]
[ECO "B68"]
[WhiteElo "2234"]
[BlackElo "2156"]
[Annotator "TA"]
[PlyCount "63"]
[EventDate "2022.06.05"]
[EventType "swiss"]
[EventRounds "9"]
[EventCountry "GER"]
[SourceTitle "playchess.com"]
[Source "ChessBase"]
[SourceQuality "1"]
[TimeControl "40/4500+30:900+30"]

1. e4 c5 2. Nf3 d6 3. d4 cxd4 4. Nxd4 Nf6 5. Nc3 Nc6 6. Bg5 e6 7. Qd2 a6 8. O-O-O Bd7 9. f4 Be7 10. Nf3 b5 11. e5 b4 12. exf6 bxc3 13. Qxc3 gxf6 14. Bh6 {[%emt 0:00:00][%cal Of4f5] [#] B68: Sicilian: Richter-Rauzer: 7...a6 8 0-0-0 Bd7 9 f4 Be7 .} a5 $146 ({Predecessor:} 14... d5 15. a3 Rg8 16. f5 Qb6 17. Be3 Qb7 18. fxe6 fxe6 19. Bc5 Bxc5 20. Qxc5 Rc8 21. Qe3 Ne7 22. Bd3 Qb3 23. Bg6+ {1-0 (23) Albornoz Cabrera,C (2581)-Rakesh,K (2355) New Delhi 2019}) 15. Kb1 ({Much weaker is} 15. Bb5 Nb4 16. Bxd7+ Qxd7 $15) 15... a4 16. Bb5 {[%emt 0:21:37] [#]} (16. g4 $11) 16... Qb6 $1 $17 17. Bg7 (17. Nd4 $15 Nxd4 18. Bxd7+ Kxd7 19. Rxd4) 17... Rg8 18. Bxc6 Qxc6 19. Bxf6 Rxg2 {[%emt 0:00:28] Threatens to win with ...Bxf6.} 20. Bd4 Rc8 {[%emt 0:04:48] aiming for ...Qb7.} 21. Rhg1 {[%emt 0:06:31][%cal Bh1g1,Bg1g2,Bg2g8][%mdl 32] [#]} Qd5 $1 22. Qe3 Rcxc2 23. Nd2 $2 {[%emt 0:02:03] [#]} (23. Bc3 {was the crucial defense.} Qf5 24. Ka1) 23... Qf5 $1 24. Ka1 $19 Qg4 (24... Rxh2 $2 25. Rg8+ Bf8 26. Ne4 Qxe4 27. Qxe4 $18) ({Black should play} 24... Bc6 {Hoping for ...Bd8.} 25. a3 Bf6 26. Rxg2 Bxg2) 25. Kb1 (25. a3 $17) 25... Qg6 $4 (25... Rc8 $19 {[%cal Oe6e5] avoids the disaster. And now ...e5! would win.} 26. Ka1 Qe2 27. Qxe2 Rxe2 28. Rg8+ Bf8) 26. Rxg2 $18 Qf5 (26... Qxg2 $142 27. Kxc2 e5) 27. Rg8+ Bf8 28. Ne4 {[%emt 0:00:57] White wants to mate with Nxd6+.} Rc6 29. Ka1 {[%emt 0:00:08][%cal Od4e5] White threatens Be5! and mate.} e5 30. fxe5 {[%emt 0:00:29] White mates.} dxe5 31. Bxe5 Ke7 32. Bd6+ {[%emt 0:01:18] White used his chance.  Weighted Error Value: White=0.53/Black=1.05} 1-0